 Dungeon Crawl Stone Soup version 0.30.1 (webtiles) character file.

Game seed: 3999496349631068354

72 javelincjr the Caller (level 4, -4/27 HPs)
             Began as a Demonspawn Summoner on July 7, 2023.
             Was a Follower of Hepliaklqana.
             Killed by divine providence
             ... invoked by an orc priest
              (11 damage)
             ... on level 3 of the Dungeon.
             The game lasted 00:07:29 (1757 turns).

javelincjr the Caller (Demonspawn Summoner)         Turns: 1757, Time: 00:07:30

Health: -4/27      AC:  2    Str:  9    XL:     4   Next: 6%
Magic:  5/7        EV: 12    Int: 18    God:    Hepliaklqana [*.....]
Gold:   187        SH:  0    Dex: 13    Spells: 5/8 levels left

rFire   . . .        k - +2 short sword of Uskayaw's Envy {heavy, rElec rPois rN++ rCorr}
rCold   . . .        (no shield)
rNeg    + + .        a - +0 robe
rPois   +            (no helmet)
rElec   +            (no cloak)
rCorr   +            (no gloves)
SInv    .            (no boots)
Will    .....        (no amulet)
Stlth   ++           (no ring)
HPRegen 0.24/turn    (no ring)
MPRegen 0.10/turn

%: no passive effects
@: no status effects
A: reduced essence, spiny 1
a: Renounce Religion, Recall Ancestor, Ancestor Identity


You were on level 3 of the Dungeon.
You worshipped Hepliaklqana.
Hepliaklqana was aware of your devotion.
You visited 1 branch of the dungeon, and saw 3 of its levels.

You collected 187 gold pieces.

Inventory:

Hand Weapons
 c - a +0 war axe
 i - a +0 spear
 k - the +2 short sword of Uskayaw's Envy (weapon) {heavy, rElec rPois rN++ rCorr}
   (You found it on level 2 of the Dungeon)

   rElec:     It insulates you from electricity.
   rPois:     It protects you from poison.
   rN:        It greatly protects you from negative energy.
   rCorr:     It protects you from acid and corrosion.
Armour
 a - a +0 robe (worn)
 n - a +0 kite shield
Scrolls
 d - a scroll of blinking {unknown}
 e - a scroll of poison {unknown}
 f - a scroll of vulnerability {unknown}
 h - a scroll of identify {unknown}
 j - 2 scrolls of enchant armour {unknown}
 l - a scroll of teleportation {unknown}
Potions
 b - a potion of magic
 g - a potion of flight {unknown}
 m - a potion of curing {unknown}
 o - a potion of haste {unknown}


   Skills:
 + Level 0.1 Fighting
 + Level 0.1 Short Blades
 + Level 2.3 Dodging
 + Level 2.5 Stealth
 + Level 0.0 Shields
 + Level 2.6 Spellcasting
 + Level 4.4 Summonings
 + Level 0.4 Invocations


You had 5 spell levels left.
You knew the following spells:

 Your Spells              Type           Power      Damage    Failure   Level
a - Summon Small Mammal   Summ           72%        N/A       2%          1
b - Call Imp              Summ           36%        N/A       4%          2

Your spell library contained the following spells:

 Spells                   Type           Power      Damage    Failure   Level
 Call Canine Familiar     Summ           18%        N/A       9%          3
 Kiss of Death            Conj/Necr      8%         2d6       17%         1
 Summon Guardian Golem    Hex/Summ       10%        N/A       21%         3
 Confusing Touch          Hex            2%         N/A       45%         3
 Tukima's Dance           Hex            2%         N/A       45%         3
 Summon Lightning Spire   Summ/Air       10%        N/A       56%         4
 Dispel Undead            Necr           2%         3d7       86%         4
 Passage of Golubria      Tloc           2%         N/A       86%         4
 Yara's Violent Unravell  Hex/Tmut       1%         3d3       99%         5


Dungeon Overview and Level Annotations

Branches:
Dungeon (3/15)

Altars:
Fedhas
Hepliaklqana


Innate Abilities, Weirdness & Mutations

Your life essence is reduced to manifest your ancestor. (-10% HP)
You are partially covered in sharp spines.


Message History

The adder closely misses you. x2; The kobold hits you but does no damage.
Bozidara barely misses the kobold.
You puncture the adder!
You kill the adder!
The kobold is struck by your spines.
You kill the kobold!
You have reached level 4!
You feel stronger.
Bozidara remembers more of her old skill.
You see here a +0 mace.
You swap places.
You see here a +0 mace.
A goblin and 2 orcs come into view.
Found 12 gold pieces.
An orc priest comes into view. It is wielding a +0 flail.
Found 11 gold pieces.
The orc barely misses you.
You closely miss the orc.
The orc priest shouts!
The orc hits you with a +0 whip.
The orc priest calls down the wrath of Beogh upon you.
Beogh smites you!
Ouch! That really hurt!
* * * LOW HITPOINT WARNING * * *
The orc shouts!
You swap places.
The orc closely misses Bozidara.
Bozidara hits the orc.
Casting: Call Imp (safe; 4% risk of failure)
Confirm with . or Enter, or press ? or * to list all spells.
A tiny devil pulls itself out of the air.
The orc hits Bozidara with a +0 whip.
Bozidara hits the orc.
The orc dies!
Something hits Bozidara.
You swap places.
Your cerulean imp hits the orc priest from afar with a -3 spear.
Bozidara hits the orc priest.
The orc priest hits Bozidara with a +0 flail.
Your cerulean imp barely misses the orc priest.
Bozidara barely misses the orc priest.
The orc priest calls down the wrath of Beogh upon you.
Beogh smites you!
You die...

######.##.#..# #
#............# #
#.####.##.##.# #
###.####.##....#####
..........####.....†
###....#..# #.##.#.
#....#..# #.....#
#.......# ####.#.
#@##.##.# #...
#.5R....# ###.
####o#### #.
.......)# #.
......... #####.
....g.#.## ......
....$.#.# ......
.....##.. ......
..... #.# #####.


You could see the friendly Bozidara the ancestor, an orc priest (ally target)
and a friendly cerulean imp (summoned).

Vanquished Creatures
  2 adders
  A worm (D:2)
  2 dart slugs
  4 goblins
  5 hobgoblins (D:1)
  2 quokkas (D:1)
  5 ball pythons
  3 bats
  A frilled lizard (D:3)
  7 kobolds
  3 rats
35 creatures vanquished.

Vanquished Creatures (collateral kills)
  2 orcs (D:3)
  A ball python (D:1)
  4 endoplasms
  A goblin (D:1)
  A hobgoblin (D:1)
  A kobold (D:2)
10 creatures vanquished.

Vanquished Creatures (others)
  2 ancestors (D:2)
2 creatures vanquished.

Grand Total: 47 creatures vanquished

Notes
Turn   | Place    | Note
-------+----------+-------------------------------------------
     0 | D:1      | javelincjr the Demonspawn Summoner began the quest for the
                  | Orb.
     0 | D:1      | Reached XP level 1. HP: 13/13 MP: 3/3
   181 | D:1      | Gained mutation: You are partially covered in sharp spines.
                  | [demonic ancestry]
   181 | D:1      | Reached XP level 2. HP: 19/19 MP: 1/5
   264 | D:1      | Learned a level 2 spell: Call Imp
   772 | D:2      | Found a faded altar of an unknown god.
   781 | D:2      | Prayed at the altar of an unknown god.
   781 | D:2      | Became a worshipper of Hepliaklqana the Forgotten
   781 | D:2      | Reached * piety under Hepliaklqana
   788 | D:2      | Found a blossoming altar of Fedhas.
   809 | D:2      | Reached XP level 3. HP: 21/21 MP: 6/6
   878 | D:2      | Identified the +2 short sword of Uskayaw's Envy {heavy,
                  | rElec rPois rN++ rCorr}
  1722 | D:3      | Reached XP level 4. HP: 27/27 MP: 7/7
  1757 | D:3      | Killed from afar by an orc priest

Illustrated notes

Levels and vault maps discovered:
D:1:      roderic_chinese_lattice_arrival, layout_loops_ring, minmay_cut_off
D:2:      layout_loops_cross, hellmonk_ecumenical_altar_run_dry, basic_altar
D:3:      layout_loops_cross

Skill      XL: |  1 |
---------------+----+-----
Stealth        | 2 |  2.5
Dodging        | 2 |  2.3
Fighting       | |  0.1
Short Blades   | |  0.1
Spellcasting   | |  2.6
Summonings     | |  4.4
Invocations    | |  0.4

Action                     |  1- 3 |  4- 6 || total
---------------------------+-------+-------++-------
  Melee: War axe           |    28 |       ||    28
         Spear             |    26 |       ||    26
         Short sword       |    10 |     1 ||    11
   Cast: Summon Small Mamm |    12 |       ||    12
         Call Imp          |     2 |     1 ||     3
   Stab: Sleeping          |     5 |       ||     5
         Distracted        |     1 |       ||     1
 Armour: Robe              |     9 |       ||     9
  Dodge: Dodged            |    37 |     1 ||    38
